ESL (28 & UNDER)
BUTLER WHITE SOX @ PENQUANNOCK OVERRATED JETER
09/19/2026
 
TOP OF THE 1ST
Butler White Sox batting - Pitching for Penquannock Overrated Jeter : RHP Santiago González
Pitching: RHP Santiago González
Batting: RHB Luis Ramos 0-0: Ball
1-0: Called Strike
1-1: Foul Ball, location: 2F
1-2: Ground out 6-3 (Groundball, 6M)
Batting: LHB Dave Cook 0-0: Swinging Strike
0-1: Called Strike
0-2: Ball
1-2: Foul Ball, location: 2F
1-2: Ground out 6-3 (Groundball, 6M)
Batting: LHB Jesús González 0-0: Called Strike
0-1: Ball
1-1: Ball
2-1: DOUBLE (Line Drive, 5D)
Batting: SHB Ben Marks 0-0: Called Strike
0-1: Foul Ball, location: 2F
0-2: Foul Ball, location: 2F
0-2: Ball
1-2: Ball
2-2: Ground out U3 (Groundball, 3L)
Top of the 1st over - 0 run(s), 1 hit(s), 0 error(s), 1 left on base; Butler 0 - Penquannock 0
BOTTOM OF THE 1ST
Penquannock Overrated Jeter batting - Pitching for Butler White Sox : RHP Cliff Erwin
Pitching: RHP Cliff Erwin
Batting: SHB Bob Noble 0-0: Ball
1-0: Ball
2-0: Ground out 1-3 (Groundball, 13S)
Batting: SHB Caden Keith 0-0: Ball
1-0: Ball
2-0: Ball
3-0: Base on Balls
Batting: LHB Roberto Trujillo 0-0: Ball
1-0: Swinging Strike
1-1: Ball
2-1: Ball
3-1: Base on Balls
Caden Keith to second
Batting: LHB Ron Robinson 0-0: Called Strike
0-1: Ball
1-1: Foul Ball, location: 2F
1-2: TRIPLE (Flyball, 8RM)
Caden Keith scores
Roberto Trujillo scores
Batting: LHB Pete Weber 0-0: Ball
1-0: Called Strike
1-1: Foul Ball, location: 2F
1-2: Ground out 4-3 (Groundball, 4)
Ron Robinson scores
Batting: LHB Tony Green 0-0: Called Strike
0-1: Ball
1-1: Ball
2-1: Foul Ball, location: 2F
2-2: Fly out, F8 (Flyball, 8LD)
Bottom of the 1st over - 3 run(s), 1 hit(s), 0 error(s), 0 left on base; Butler 0 - Penquannock 3
TOP OF THE 2ND
Butler White Sox batting - Pitching for Penquannock Overrated Jeter : RHP Santiago González
Batting: RHB Rodney González 0-0: Ball
1-0: Fly out, F6 (Line Drive, 6)
Batting: LHB Mike Pearson 0-0: Ball
1-0: Ball
2-0: Called Strike
2-1: Foul Ball, location: 2F
2-2: Foul Ball, location: 2F
2-2: Ball
3-2: Base on Balls
Batting: LHB Ron Crawford 0-0: Ball
1-0: Ball
2-0: 2-RUN HOME RUN (Flyball, 89XD), Distance : 417 ft
Batting: RHB Evan Robinson 0-0: Reached on error, E5 (Groundball, 56S)
Batting: RHB Raúl Bruno 0-0: Called Strike
0-1: Grounds into double play, 5-4-3 (Groundball, 5L)
Top of the 2nd over - 2 run(s), 1 hit(s), 1 error(s), 0 left on base; Butler 2 - Penquannock 3
BOTTOM OF THE 2ND
Penquannock Overrated Jeter batting - Pitching for Butler White Sox : RHP Cliff Erwin
Batting: RHB Tim Hanson 0-0: Called Strike
0-1: Foul Ball, location: 2F
0-2: Ball
1-2: DOUBLE (Line Drive, 7LS)
Batting: RHB Armando Pagán 0-0: Ball
1-0: Ball
2-0: Ball
3-0: Called Strike
3-1: Called Strike
3-2: Strikes out looking
Batting: LHB Dave Pitts 0-0: Ball
1-0: Called Strike
1-1: Called Strike
1-2: Ball
2-2: Ball
3-2: SINGLE (Line Drive, 78S)
Tim Hanson to third
Runner from 3rd tries for Home, throw and OUT!
Batting: SHB Bob Noble 0-0: Called Strike
0-1: Called Strike
0-2: Ball
1-2: Ball
2-2: Strikes out swinging
Bottom of the 2nd over - 0 run(s), 2 hit(s), 0 error(s), 1 left on base; Butler 2 - Penquannock 3
TOP OF THE 3RD
Butler White Sox batting - Pitching for Penquannock Overrated Jeter : RHP Santiago González
Batting: RHB Luis Ramos 0-0: Foul Ball, location: 2F
0-1: SINGLE (Flyball, 89S)
Batting: LHB Dave Cook 0-0: Ball
1-0: Ball
2-0: Ball
3-0: Called Strike
3-1: Foul Ball, location: 2F
3-2: Strikes out swinging
Batting: LHB Jesús González 0-0: Called Strike
0-1: Ball
1-1: Foul Ball, location: 2F
1-2: Foul Ball, location: 2F
1-2: Fly out, F6 (Popup, 6D)
Batting: SHB Ben Marks 0-0: Called Strike
0-1: Ball
1-1: Ball
2-1: Ball
3-1: Fly out, F5 (Popup, 5SF)
Top of the 3rd over - 0 run(s), 1 hit(s), 0 error(s), 1 left on base; Butler 2 - Penquannock 3
BOTTOM OF THE 3RD
Penquannock Overrated Jeter batting - Pitching for Butler White Sox : RHP Cliff Erwin
Batting: SHB Caden Keith 0-0: Called Strike
0-1: Swinging Strike
0-2: Fly out, F7 (Line Drive, 8LM)
Batting: LHB Roberto Trujillo 0-0: Called Strike
0-1: Ball
1-1: Foul Ball, location: 2F
1-2: Foul Ball, location: 2F
1-2: Strikes out swinging
Batting: LHB Ron Robinson 0-0: Foul Ball, location: 2F
0-1: Reached on error, E4 (Groundball, 4)
Batting: LHB Pete Weber 0-0: Ground out 1-3 (Groundball, 13)
Bottom of the 3rd over - 0 run(s), 0 hit(s), 1 error(s), 1 left on base; Butler 2 - Penquannock 3
TOP OF THE 4TH
Butler White Sox batting - Pitching for Penquannock Overrated Jeter : RHP Santiago González
Batting: RHB Rodney González 0-0: Ball
1-0: Called Strike
1-1: Ground out U3 (Groundball, 3S)
Batting: LHB Mike Pearson 0-0: SINGLE (Line Drive, 9LS)
Batting: LHB Ron Crawford 0-0: Called Strike
0-1: Ball
1-1: Swinging Strike
1-2: Strikes out looking
Batting: RHB Evan Robinson 0-0: Ball
1-0: Called Strike
1-1: Fly out, F9 (Flyball, 89D)
Top of the 4th over - 0 run(s), 1 hit(s), 0 error(s), 1 left on base; Butler 2 - Penquannock 3
BOTTOM OF THE 4TH
Penquannock Overrated Jeter batting - Pitching for Butler White Sox : RHP Cliff Erwin
Batting: LHB Tony Green 0-0: Swinging Strike
0-1: Foul Ball, location: 2F
0-2: Strikes out swinging
Batting: RHB Tim Hanson 0-0: Ball
1-0: Swinging Strike
1-1: Ball
2-1: Swinging Strike
2-2: Ball
3-2: Base on Balls
Batting: RHB Armando Pagán 0-0: Called Strike
0-1: Ball
1-1: Foul Ball, location: 2F
1-2: Strikes out swinging
Batting: LHB Dave Pitts 0-0: Ball
1-0: Called Strike
1-1: Ball
2-1: Called Strike
2-2: Fly out, F7 (Flyball, 78M)
Bottom of the 4th over - 0 run(s), 0 hit(s), 0 error(s), 1 left on base; Butler 2 - Penquannock 3
TOP OF THE 5TH
Butler White Sox batting - Pitching for Penquannock Overrated Jeter : RHP Santiago González
Batting: RHB Raúl Bruno 0-0: Ball
1-0: Foul Ball, location: 2F
1-1: Foul Ball, location: 2F
1-2: Strikes out swinging
Batting: RHB Luis Ramos 0-0: Swinging Strike
0-1: Foul Ball, location: 2F
0-2: Ball
1-2: Ball
2-2: Strikes out swinging
Batting: LHB Dave Cook 0-0: Called Strike
0-1: Called Strike
0-2: Ball
1-2: Foul Ball, location: 2F
1-2: Ball
2-2: Foul Ball, location: 2F
2-2: Ground out 4-3 (Groundball, 34)
Top of the 5th over - 0 run(s), 0 hit(s), 0 error(s), 0 left on base; Butler 2 - Penquannock 3
BOTTOM OF THE 5TH
Penquannock Overrated Jeter batting - Pitching for Butler White Sox : RHP Cliff Erwin
Batting: SHB Bob Noble 0-0: Ball
1-0: Foul Ball, location: 2F
1-1: Foul Ball, location: 2F
1-2: Ball
2-2: Ball
3-2: Strikes out swinging
Batting: SHB Caden Keith 0-0: Ball
1-0: Called Strike
1-1: Foul Ball, location: 2F
1-2: Ball
2-2: Ball
3-2: SINGLE (Flyball, 78S)
Batting: LHB Roberto Trujillo 0-0: Called Strike
Passed Ball!
Caden Keith to second
0-1: Ball
1-1: Called Strike
Caden Keith is caught stealing 3rd base
1-2: Ball
2-2: Strikes out swinging
Bottom of the 5th over - 0 run(s), 1 hit(s), 0 error(s), 0 left on base; Butler 2 - Penquannock 3
TOP OF THE 6TH
Butler White Sox batting - Pitching for Penquannock Overrated Jeter : RHP Santiago González
Pitching: RHP Dave Nelson
Batting: LHB Jesús González 0-0: Called Strike
0-1: Ball
1-1: Foul Ball, location: 2F
1-2: Strikes out swinging
Batting: SHB Ben Marks 0-0: Ground out 6-3 (Groundball, 6)
Batting: RHB Rodney González 0-0: Fly out, F7 (Line Drive, 7D)
Top of the 6th over - 0 run(s), 0 hit(s), 0 error(s), 0 left on base; Butler 2 - Penquannock 3
BOTTOM OF THE 6TH
Penquannock Overrated Jeter batting - Pitching for Butler White Sox : RHP Cliff Erwin
Pitching: LHP Phil Forbes
Batting: LHB Ron Robinson 0-0: Called Strike
0-1: Swinging Strike
0-2: Ball
1-2: Ball
2-2: Foul Ball, location: 2F
2-2: Foul Ball, location: 2F
2-2: Ball
3-2: Strikes out swinging
Batting: LHB Pete Weber 0-0: Ball
1-0: Ball
2-0: Fly out, F7 (Flyball, 78XD)
Pitching: LHP Dexter Browning
Batting: LHB Tony Green 0-0: Ball
1-0: Ground out 6-3 (Groundball, 6)
Bottom of the 6th over - 0 run(s), 0 hit(s), 0 error(s), 0 left on base; Butler 2 - Penquannock 3
TOP OF THE 7TH
Butler White Sox batting - Pitching for Penquannock Overrated Jeter : RHP Dave Nelson
Batting: LHB Mike Pearson 0-0: Called Strike
0-1: Swinging Strike
0-2: Ball
1-2: Strikes out looking
Batting: LHB Ron Crawford 0-0: SOLO HOME RUN (Flyball, 9LD), Distance : 331 ft
Batting: RHB Evan Robinson 0-0: Ball
1-0: Ball
2-0: Fly out, F4 (Popup, 4MD)
Pinch Hitting: LHB Ernesto López 0-0: Called Strike
0-1: Ball
1-1: Fly out, F8 (Flyball, 8LM)
Top of the 7th over - 1 run(s), 1 hit(s), 0 error(s), 0 left on base; Butler 3 - Penquannock 3
BOTTOM OF THE 7TH
Penquannock Overrated Jeter batting - Pitching for Butler White Sox : LHP Dexter Browning
Now at SS: Thomas Dixon
Batting: RHB Tim Hanson 0-0: Ball
1-0: Ground out 6-3 (Groundball, 6)
Batting: RHB Armando Pagán 0-0: Ball
1-0: Called Strike
1-1: Foul Ball, location: 2F
1-2: Ball
2-2: Foul Ball, location: 2F
2-2: Ground out 5-3 (Groundball, 56)
Batting: LHB Dave Pitts 0-0: Ball
1-0: Fly out, F7 (Line Drive, 78M)
Bottom of the 7th over - 0 run(s), 0 hit(s), 0 error(s), 0 left on base; Butler 3 - Penquannock 3
TOP OF THE 8TH
Butler White Sox batting - Pitching for Penquannock Overrated Jeter : RHP Dave Nelson
Pitching: RHP Javier González
Pinch Hitting: SHB Pedro Martínez 0-0: DOUBLE (Line Drive, 89XD)
Batting: LHB Dave Cook 0-0: Intentional Walk
Batting: LHB Jesús González 0-0: Ball
1-0: Ball
2-0: Ball
3-0: Base on Balls
Pedro Martínez to third
Dave Cook to second
Pinch Hitting: LHB Sean Perkins 0-0: Ball
1-0: Ball
2-0: Called Strike
2-1: Swinging Strike
2-2: Foul Ball, location: 2F
2-2: Ball
3-2: Strikes out swinging
Batting: RHB Rodney González 0-0: Ball
1-0: Foul Ball, location: 2F
1-1: Ball
2-1: Foul Ball, location: 2F
2-2: GRAND SLAM HOME RUN (Flyball, 89XD), Distance : 418 ft
Batting: LHB Mike Pearson 0-0: Foul Ball, location: 2F
0-1: Ball
1-1: Ball
2-1: Foul Ball, location: 2F
2-2: Strikes out swinging
Batting: LHB Ron Crawford 0-0: Called Strike
0-1: Swinging Strike
0-2: Strikes out looking
Top of the 8th over - 4 run(s), 2 hit(s), 0 error(s), 0 left on base; Butler 7 - Penquannock 3
BOTTOM OF THE 8TH
Penquannock Overrated Jeter batting - Pitching for Butler White Sox : LHP Dexter Browning
Now at 2B: Tomás Escobar
Now in CF: Sean Perkins
Batting: SHB Bob Noble 0-0: Called Strike
0-1: Ball
1-1: Fly out, F9 (Flyball, 8RM)
Batting: SHB Caden Keith 0-0: Ball
1-0: Ground out 5-3 (Groundball, 56S)
Batting: LHB Roberto Trujillo 0-0: Ball
1-0: Swinging Strike
1-1: Ball
2-1: Ball
3-1: Base on Balls
Batting: LHB Ron Robinson 0-0: Ball
1-0: Swinging Strike
1-1: Swinging Strike
1-2: Strikes out swinging
Bottom of the 8th over - 0 run(s), 0 hit(s), 0 error(s), 1 left on base; Butler 7 - Penquannock 3
TOP OF THE 9TH
Butler White Sox batting - Pitching for Penquannock Overrated Jeter : RHP Javier González
Pitching: RHP Joaquín Rojas
Batting: RHB Evan Robinson 0-0: Fly out, F6 (Popup, 6MD)
Batting: LHB Thomas Dixon 0-0: Ball
1-0: Ball
2-0: SINGLE (Groundball, 34D)
Batting: SHB Tomás Escobar 0-0: Grounds into double play, 4-6-3 (Groundball, 4)
Top of the 9th over - 0 run(s), 1 hit(s), 0 error(s), 0 left on base; Butler 7 - Penquannock 3
BOTTOM OF THE 9TH
Penquannock Overrated Jeter batting - Pitching for Butler White Sox : LHP Dexter Browning
Batting: LHB Pete Weber 0-0: Called Strike
0-1: Swinging Strike
0-2: Ball
1-2: Ball
2-2: Strikes out swinging
Batting: LHB Tony Green 0-0: Called Strike
0-1: Called Strike
0-2: Foul Ball, location: 2F
0-2: Ball
1-2: Foul Ball, location: 2F
1-2: Strikes out looking
Pitching: LHP Domingo Morales
Batting: RHB Tim Hanson 0-0: Called Strike
0-1: Swinging Strike
0-2: Ball
1-2: Ground out 6-3 (Groundball, 6)
Bottom of the 9th over - 0 run(s), 0 hit(s), 0 error(s), 0 left on base; Butler 7 - Penquannock 3
Monday, December 5th, 2016 - OOTP Baseball 17.12 Build 75